 Dungeon Crawl Stone Soup version 0.29.1-15-g9cfb28693d (webtiles) character file.

Game seed: 3838751330207464259

11985 HOAXBANE2 the Eclecticist (level 11, -16/49 HPs)
             Began as a Spriggan Artificer on Mar 30, 2023.
             Was a Believer of Nemelex Xobeh.
             Demolished by a two-headed ogre
             ... wielding a +0 giant club
              (33 damage)
             ... on level 11 of the Dungeon.
             The game lasted 01:32:02 (16901 turns).

HOAXBANE2 the Eclecticist (Spriggan Artificer)     Turns: 16901, Time: 01:32:14

Health: -16/49     AC:  6    Str: 14    XL:     11   Next: 56%
Magic:  28/31      EV: 18    Int: 20    God:    Nemelex Xobeh [**....]
Gold:   310        SH:  0    Dex: 15    Spells: 29/40 levels left

rFire   . . .      SeeInvis +   r - staff of conjuration
rCold   . . .      Faith    .   (shield currently unavailable)
rNeg    . . .      Spirit   .   M - +2 robe {Will+}
rPois   .          Reflect  .   (helmet restricted)
rElec   +          Harm     .   D - +1 cloak
rCorr   .          Rampage  .   (gloves unavailable)
Will    +++..                   (boots unavailable)
Stlth   ++........              L - amulet of Esiop {rElec Regen+ Int+2}
HPRegen 0.96/turn               l - +6 ring of strength
MPRegen 0.22/turn               (no ring)

@: unable to drink, very quick
A: very small, no large weapons, unfitting armour, see invisible, speed 3,
hooves 1, strong-willed 1, wild magic 1, inability to drink after injury 1
a: Renounce Religion, Draw Escape, Draw Destruction, Draw Summoning


You were on level 11 of the Dungeon.
You worshipped Nemelex Xobeh.
Nemelex Xobeh was pleased with you.
You visited 2 branches of the dungeon, and saw 12 of its levels.

You collected 1209 gold pieces.
You spent 899 gold pieces at shops.

Inventory:

Hand Weapons
 s - a +3 short sword of protection
 I - the +4 flail "Nopyixav" {elec, *Slow rElec Will+++ Dex+2}
   (You found it on level 8 of the Dungeon)

   It occasionally discharges a powerful burst of electricity upon striking a
   foe.
   Dex:       It affects your dexterity (+2).
   rElec:     It insulates you from electricity.
   *Slow:     It may slow you when you take damage.
   Will:      It greatly increases your willpower.
Missiles
 t - 8 poisoned darts (quivered)
Armour
 D - a +1 cloak (worn)
 M - a +2 robe of willpower (worn)
Magical Staves
 r - a staff of conjuration (weapon)
Jewellery
 b - the ring of Zyhiceaf {rF- rC+ Slay+5}
   (You took it off an orc on level 9 of the Dungeon)

   [ring of protection from cold]

   Slay:      It affects your accuracy & damage with ranged weapons and melee
   (+5).
   rF:        It makes you vulnerable to fire.
   rC:        It protects you from cold.
 l - a +6 ring of strength (left hand)
 L - the amulet of Esiop (around neck) {rElec Regen+ Int+2}
   (You found it on level 8 of the Dungeon)

   [amulet of regeneration]

   Int:       It affects your intelligence (+2).
   rElec:     It insulates you from electricity.
   Regen:     It increases your rate of health regeneration.
Wands
 c - a wand of flame (13)
 d - a wand of charming (11)
 e - a wand of iceblast (10)
 o - a wand of mindburst (5)
 F - a wand of paralysis (18)
Scrolls
 g - a scroll of magic mapping
 k - a scroll of amnesia {unknown}
 m - 4 scrolls of teleportation
 n - 2 scrolls of enchant weapon
 p - a scroll of torment {unknown}
 v - a scroll of immolation {unknown}
 w - 3 scrolls of poison
 y - a scroll of butterflies
 A - a scroll of vulnerability
 B - a scroll of noise {unknown}
 E - 4 scrolls of blinking
 H - a scroll of silence {unknown}
 J - a scroll of enchant armour
 N - a scroll of fear {unknown}
 O - a scroll of summoning
Potions
 a - 2 potions of mutation
 f - 2 potions of might
 h - 3 potions of resistance
 i - 4 potions of flight
 j - 5 potions of curing
 q - 3 potions of ambrosia
 u - a potion of magic
 x - 5 potions of heal wounds
 z - 2 potions of attraction
 C - a potion of berserk rage {unknown}
 G - a potion of cancellation {unknown}
Miscellaneous
 K - a phial of floods (inert)


   Skills:
 - Level 1.0 Fighting
 - Level 4.0 Dodging
 - Level 2.0 Stealth
 - Level 15.1 Spellcasting
 - Level 4.0 Conjurations
 + Level 2.3 Summonings
 - Level 5.0 Ice Magic
 - Level 5.0 Earth Magic
 - Level 6.0 Invocations
 - Level 8.0 Evocations


You had 29 spell levels left.
You knew the following spells:

 Your Spells              Type           Power      Damage    Failure   Level
a - Stone Arrow           Conj/Erth      100%       3d13      3%          3
b - Hailstorm             Conj/Ice       59%        3d13      10%         4
c - Summon Ice Beast      Ice/Summ       38%        N/A       13%         4

Your spell library contained the following spells:

 Spells                   Type           Power      Damage    Failure   Level
 Freeze                   Ice            100%       1d11      1%          1
 Frozen Ramparts          Ice            90%        1d14      3%          3
 Static Discharge         Conj/Air       45%        3-9/arc   4%          2
 Beastly Appendage        Tmut           38%        N/A       7%          1
 Necrotise                Necr           76%        1d7       7%          1
 Sublimation of Blood     Necr           19%        N/A       10%         2
 Wereblood                Tmut           19%        N/A       10%         2
 Animate Armour           Summ/Erth      76%        N/A       13%         4
 Spider Form              Tmut/Pois      19%        N/A       17%         3
 Vampiric Draining        Necr           19%        2d7       17%         3
 Summon Lightning Spire   Summ/Air       25%        N/A       34%         4
 Freezing Cloud           Conj/Ice/Air   26%        6-21      41%         5
 Borgnjor's Vile Clutch   Necr/Erth      16%        N/A       47%         5
 Summon Mana Viper        Hex/Summ       25%        N/A       65%         5
 Agony                    Necr           19%        N/A       82%         5
 Monstrous Menagerie      Summ           16%        N/A       100%        7
 Summon Hydra             Summ           16%        N/A       100%        7
 Lehudib's Crystal Spear  Conj/Erth      29%        10d8      100%        8


Dungeon Overview and Level Annotations

Branches:
Dungeon (11/15)            Temple (1/1) D:6            Lair (0/5) D:10
    Orc (0/2) D:10

Altars:
Ashenzari
Cheibriados
Dithmenos
Elyvilon
Fedhas
Gozag
Hepliaklqana
Kikubaaqudgha
Makhleb
Nemelex Xobeh
Okawaru
Qazlal
Ru
Sif Muna
Trog
Uskayaw
Vehumet
Wu Jian
Xom
Yredelemnul
Zin
The Shining One

Shops:
D:1 [[   D:7 *??(   D:8 [


Innate Abilities, Weirdness & Mutations

You are very small and have problems with some larger weapons.
You are too small for most types of armour.
You have supernaturally acute eyesight. (SInv)
You cover ground extremely quickly. (Speed+++)
You have large cloven feet.
You are strong-willed. (Will+)
Your spells are a little harder to cast, but a little more powerful.
You occasionally lose the ability to drink potions when taking damage.


Message History

Thank you for shopping at Coecoatt's General Store!
(D) Dungeon (T) Temple (L) Lair (O) Orcish Mines
Where to? (Enter - D:7 @ (x,y), ? - help)
What level of the Dungeon? (default 1, ? - help)
There is a stone staircase leading down here.
You climb downwards.
There is a stone staircase leading up here.
Magic restored.
There is a stone staircase leading down here.
You climb downwards.
There is a stone staircase leading up here.
You see here a +0 barding.
There is an open door here.
Things that are here:
a stone; a +0 dagger
Things that are here:
a +0 scale mail; a +0 dagger
There is a stone staircase leading down here.
You climb downwards.
There is a stone staircase leading up here.
There is a stone staircase leading down here.
You climb downwards.
Found a cyan potion.
There is a stone staircase leading up here.
Casting: Stone Arrow (dangerous; 3% risk of failure)
Confirm with . or Enter, or press ? or * to list all spells.
Aiming: Stone Arrow (dangerous; 3% risk of failure)
Press: ? - help, Shift-Dir - straight line, f - two-headed ogre
Aim: a two-headed ogre, wielding a +0 giant club and a +0 giant spiked club (asleep, 100% to hit)
You feel a surge of power!
The stone arrow hits the two-headed ogre!
The two-headed ogre is lightly wounded.
The two-headed ogre shouts in stereo!
The two-headed ogre hits you with a +0 giant club!!
Ouch! That really hurt!
The two-headed ogre hits you with a +0 giant spiked club!!
You feel threatened and lose the ability to drink potions!
Ouch! That really hurt!
You die...
Your body glows slightly and disappears.

####+##
#!....#
#.....#
#.....#
#@...#
#.O..#
#....#
#....#
#....#
######


You could see a two-headed ogre.

Vanquished Creatures
  Josephine (D:10)
  A hydra (D:8)
  A two-headed ogre (D:10)
  The ghost of crabbadon the Grappler, a novice TrGl of Qazlal (D:7)
  Lodul (D:10)
  A cyclops (D:8)
  A gargoyle (D:8)
  A kobold demonologist (D:10)
  A komodo dragon (D:10)
  A troll (D:8)
  5 slime creatures (D:9)
  4 shadows (D:10)
  3 wyverns
  3 wraiths (D:10)
  3 yaks
  Menkaure (D:5)
  2 two-headed ogre zombies (D:10)
  An acid dragon (D:7)
  A water moccasin (D:6)
  4 sky beasts
  4 orc warriors
  An ice beast (D:6)
  A black bear (D:5)
  8 ogres
  3 centaurs
  4 bullfrogs
  Blork the orc (D:5)
  3 necrophages
  A scorpion (D:4)
  11 wights
  3 killer bees (D:10)
  2 troll zombies (D:10)
  2 howler monkeys
  3 hounds
  2 jellies
  6 orc priests
  9 iguanas
  8 orc wizards
  4 ogre zombies (D:10)
  11 adders
  2 white imps
  4 ufetubi
  2 worms
  2 dart slugs (D:4)
  35 orcs
  3 bats (D:1)
  8 endoplasms
  4 giant cockroaches
  7 goblins
  8 hobgoblins
  5 jackals
  3 kobolds
  3 quokkas
  3 ball pythons
  A frilled lizard (D:1)
  A goblin skeleton (D:10)
  3 goblin zombies (D:10)
  6 hobgoblin zombies (D:10)
  An orc skeleton (D:10)
  14 orc zombies (D:10)
  2 rats
241 creatures vanquished.

Vanquished Creatures (collateral kills)
  An adder (D:5)
  A quokka (D:5)
2 creatures vanquished.

Vanquished Creatures (others)
  A hound (D:5)
  5 plants
6 creatures vanquished.

Grand Total: 249 creatures vanquished

Notes
Turn   | Place    | Note
-------+----------+-------------------------------------------
     0 | D:1      | HOAXBANE2 the Spriggan Artificer began the quest for the
                  | Orb.
     0 | D:1      | Reached XP level 1. HP: 9/9 MP: 2/2
   108 | D:1      | Reached skill level 1 in Fighting
   161 | D:1      | Found a faded altar of an unknown god.
   197 | D:1      | Reached XP level 2. HP: 7/14 MP: 3/3
  1089 | D:1      | Found Ziecomp's Antique Armour Boutique.
  1105 | D:1      | Reached XP level 3. HP: 16/18 MP: 4/4
  1117 | D:1      | Reached skill level 5 in Evocations
  1509 | D:1      | Found Vacit's Armour Emporium.
  1688 | D:2      | Reached skill level 1 in Spellcasting
  1693 | D:2      | Learned a level 3 spell: Stone Arrow
  1987 | D:2      | Reached XP level 4. HP: 21/22 MP: 6/6
  2105 | D:2      | Identified the +0 leather armour of Isuxif {Regen+}
  2225 | D:1      | Bought a slimy robe for 102 gold pieces
  2225 | D:1      | Identified the +2 robe of the Catamount {Contam Rampage
                  | Drain Str+9} (You bought it in a shop on level 1 of the
                  | Dungeon)
  3631 | D:3      | Reached skill level 2 in Spellcasting
  3631 | D:3      | Reached skill level 1 in Earth Magic
  3631 | D:3      | Reached XP level 5. HP: 9/25 MP: 7/9
  3933 | D:3      | Reached skill level 1 in Conjurations
  4035 | D:3      | You fall into a shaft and drop 3 floors!
  4066 | D:6      | Noticed an ice beast
  4071 | D:6      | Noticed a black bear
  4073 | D:5      | Entered Level 5 of the Dungeon
  4150 | D:5      | Noticed a sky beast
  4220 | D:5      | Noticed an ogre
  4476 | D:4      | Reached skill level 3 in Spellcasting
  4476 | D:4      | Reached XP level 6. HP: 9/30 MP: 11/11
  4751 | D:4      | Found a hide-covered altar of Uskayaw.
  5637 | D:4      | Gained mutation: You are occasionally teleported next to
                  | monsters. [potion of mutation]
  5637 | D:4      | Gained mutation: Your muscles are strong. (Str +4, Int/Dex
                  | -1) [potion of mutation]
  5638 | D:4      | Lost mutation: You are occasionally teleported next to
                  | monsters. [potion of mutation]
  5638 | D:4      | Lost mutation: Your muscles are strong. (Str +4, Int/Dex
                  | -1) [potion of mutation]
  5638 | D:4      | Gained mutation: You have hidden genetic potential. [potion
                  | of mutation]
  5638 | D:4      | Gained mutation: Your spells are a little harder to cast,
                  | but a little more powerful. [potion of mutation]
  5712 | D:5      | Noticed Menkaure
  5715 | D:5      | Killed Menkaure
  5716 | D:5      | Reached skill level 4 in Spellcasting
  5716 | D:5      | Reached XP level 7. HP: 33/33 MP: 12/14
  6342 | D:4      | Gained mutation: You have large cloven feet. [hidden
                  | potential]
  6441 | D:5      | Reached skill level 5 in Spellcasting
  7005 | D:5      | Noticed Blork the orc
  7029 | D:5      | Killed Blork the orc
  7450 | D:5      | Reached skill level 6 in Spellcasting
  7450 | D:5      | Reached XP level 8. HP: 37/37 MP: 5/18
  7778 | D:5      | Reached skill level 7 in Spellcasting
  7789 | D:5      | Gained mutation: You are strong-willed. (Will+) [hidden
                  | potential]
  7789 | D:5      | Lost mutation: You have hidden genetic potential. [hidden
                  | potential expressed]
  7995 | D:5      | Reached skill level 8 in Spellcasting
  8345 | D:6      | Found a staircase to the Ecumenical Temple.
  8355 | Temple   | Entered the Ecumenical Temple
  8355 | Temple   | Found a transporter.
  8355 | Temple   | Found a transporter.
  8357 | Temple   | Found a transporter.
  8357 | Temple   | Found a transporter.
  8502 | Temple   | Became a worshipper of Nemelex Xobeh the Trickster
  8525 | D:6      | Reached skill level 9 in Spellcasting
  8817 | D:6      | Reached skill level 10 in Spellcasting
  9241 | D:7      | Reached XP level 9. HP: 41/41 MP: 6/24
  9435 | D:7      | Reached skill level 11 in Spellcasting
  9853 | D:7      | Found Etzicu's Weapon Shoppe.
  9854 | D:7      | Found Coecoatt's General Store.
  9855 | D:7      | Found Plog's Magic Scroll Shoppe.
  9855 | D:7      | Found Zyism's Magic Scroll Shoppe.
  9874 | D:7      | Reached skill level 5 in Earth Magic
 10031 | D:7      | Bought a scroll of magic mapping for 112 gold pieces
 10031 | D:7      | Bought a scroll of poison for 60 gold pieces
 10031 | D:7      | Bought 2 scrolls of identify for 60 gold pieces
 10031 | D:7      | Bought a scroll of identify for 30 gold pieces
 10368 | D:7      | Found a runed translucent gate.
 10368 | D:7      | Found a runed translucent gate.
 10368 | D:7      | Noticed crabbadon's ghost (novice TrGl)
 10369 | D:7      | Found a runed translucent gate.
 10371 | D:7      | Identified the +2 chain mail of Kyronoz {Str+5}
 10411 | D:7      | Reached * piety under Nemelex Xobeh
 10575 | D:7      | Killed crabbadon's ghost
 10576 | D:7      | Reached skill level 12 in Spellcasting
 11103 | D:8      | Found Ihoilol's Antique Armour Boutique.
 11234 | D:8      | Reached skill level 1 in Invocations
 11237 | D:8      | Found a radiant altar of Vehumet.
 11434 | D:8      | Received a gift from Nemelex Xobeh
 11832 | D:8      | Reached skill level 13 in Spellcasting
 11832 | D:8      | Reached XP level 10. HP: 45/45 MP: 20/28
 11841 | D:8      | Learned a level 4 spell: Hailstorm
 11935 | D:8      | Identified the +4 flail "Nopyixav" {elec, *Slow rElec
                  | Will+++ Dex+2}
 11958 | D:8      | Noticed a centaur warrior
 11958 | D:8      | Noticed a tengu warrior
 11958 | D:8      | Noticed a white ugly thing
 11958 | D:8      | Noticed a gargoyle
 11958 | D:8      | Noticed an eight-headed hydra
 12491 | D:9      | Reached skill level 1 in Ice Magic
 12686 | D:8      | Killed a gargoyle
 12699 | D:8      | Killed an eight-headed hydra
 12840 | D:8      | Noticed a cyclops
 12851 | D:8      | Killed a cyclops
 13013 | D:8      | Got the Writings on the Metallic Storm
 13015 | D:8      | Identified the amulet of Esiop {rElec Regen+ Int+2}
 13069 | D:8      | Bought a glowing robe for 77 gold pieces
 13079 | D:8      | Noticed an ice dragon
 13091 | D:9      | Gained mutation: You occasionally lose the ability to drink
                  | potions when taking damage. [mutagenic glow]
 13317 | D:9      | Reached ** piety under Nemelex Xobeh
 13370 | D:9      | Reached skill level 5 in Invocations
 13803 | D:9      | Identified the ring of Zyhiceaf {rF- rC+ Slay+5}
 14353 | D:10     | Entered Level 10 of the Dungeon
 14484 | D:10     | Reached XP level 11. HP: 49/49 MP: 19/29
 14615 | D:10     | Found a white marble altar of Elyvilon.
 14624 | D:10     | Received a gift from Nemelex Xobeh
 14658 | D:10     | Reached skill level 5 in Ice Magic
 14919 | D:10     | Found a staircase to the Lair.
 15000 | D:10     | Noticed Lodul
 15094 | D:10     | Killed Lodul
 15275 | D:10     | Reached skill level 14 in Spellcasting
 15765 | D:10     | Found a staircase to the Orcish Mines.
 16321 | D:10     | Noticed Josephine
 16388 | D:10     | Killed Josephine
 16389 | D:10     | Reached skill level 15 in Spellcasting
 16395 | D:10     | Learned a level 4 spell: Summon Ice Beast
 16488 | D:10     | Noticed a two-headed ogre
 16502 | D:10     | Killed a two-headed ogre
 16832 | D:7      | Bought a scroll of blinking for 112 gold pieces
 16832 | D:7      | Bought 2 scrolls of identify for 60 gold pieces
 16839 | D:7      | Bought a wand of iceblast (6) for 172 gold pieces
 16839 | D:7      | Bought a scroll of summoning for 114 gold pieces
 16899 | D:11     | Noticed a two-headed ogre
 16901 | D:11     | Demolished by a two-headed ogre

Illustrated notes

Levels and vault maps discovered:
D:1:      roderic_dead_forest, layout_rooms,
          shapermc_ecumenical_altar_mp_urbaneastern, serial_shops,
          nicolae_lakefront_shop, nicolae_shop_overgrown_old_shop,
          solitary_fountain
D:2:      layout_rooms
D:3:      layout_basic
D:4:      layout_basic, nicolae_uskayaw_suspiria, chequers_arboretum
D:5:      layout_layer_cave, serial_bayou_lake_a, uniq_blork_the_orc,
          uniq_menkaure
D:6:      layout_cave_pools, minmay_temple_entry_large_hall
D:7:      layout_basic, biasface_ghost_orc_armoury, minmay_shop_grid_forest
D:8:      minmay_the_grid_triangle_9x9_recursive_2
          [minmay_the_grid_triangle_9x9_prize_insulated,
          minmay_the_grid_triangle_9x9_zippers_horizontal,
          minmay_the_grid_triangle_9x9_stretched_checkered,
          minmay_the_grid_triangle_9x9_shrine], layout_loops_ring,
          lemuel_crystal_altar, serial_shops, nicolae_shop_trees
D:9:      layout_irregular_city, minmay_misc_feat_diagonals,
          minmay_misc_feat_hallway, nicolae_figureground_pulse
D:10:     layout_basic, amcnicky_altar_gilded, david_lair_shrubbed,
          zombieorc2_lemuel, uniq_lodul, uniq_josephine
D:11:     layout_gridville, minmay_misc_feat_tiny, uniq_nergalle, uniq_amaemon
Temple:   hellmonk_temple_divided_pantheon

Skill      XL: |  1  2  3  4  5  6  7  8  9 10 11 |
---------------+----------------------------------+-----
Fighting       | 1 |  1.0
Stealth        | 2 |  2.0
Dodging        | 4 |  4.0
Evocations     | 5 6 8 |  8.0
Spellcasting   | 1 2 3 4 6 10 13 15 | 15.1
Earth Magic    | 1 2 4 5 |  5.0
Conjurations   | 1 2 3 4 |  4.0
Invocations    | 2 6 |  6.0
Ice Magic      | 4 5 |  5.0
Summonings     | 2 |  2.3

Action                   |  1- 3 |  4- 6 |  7- 9 | 10-12 || total
-------------------------+-------+-------+-------+-------++-------
Melee: Club              |    28 |       |       |       ||    28
       Dagger            |    67 |    14 |       |       ||    81
       Punch             |     2 |     1 |     1 |       ||     4
       War axe           |       |   130 |    33 |       ||   163
       Staff             |       |       |     9 |     2 ||    11
       Kick              |       |       |     5 |     2 ||     7
       Short sword       |       |       |     3 |       ||     3
Throw: Boomerang         |    43 |       |       |       ||    43
       Dart              |       |     3 |    18 |       ||    21
 Cast: Stone Arrow       |       |       |   130 |   186 ||   316
       Hailstorm         |       |       |       |     3 ||     3
Invok: Draw Destruction  |       |       |       |     1 ||     1
Evoke: Wand              |     2 |     7 |     8 |     3 ||    20
       Phial of floods   |       |       |       |     1 ||     1
  Use: Scroll            |       |     3 |     8 |     4 ||    15
       Potion            |       |     2 |       |       ||     2
 Stab: Sleeping          |     3 |     7 |     1 |       ||    11
Armor: Robe              |     5 |    32 |    11 |     1 ||    49
Dodge: Dodged            |    96 |   160 |    89 |    27 ||   372
